Map: Paladino Terminal LE

Players

Musumeci - Winner!

  • Race: Zerg Zerg
  • League: Diamond
  • Spawn Location: 5:00

Sledgar

  • Race: Terran Terran
  • League: Diamond
  • Spawn Location: 9:00

VOD

Have the link to the VOD?

Description

Time

  • Played on: Feb. 11, 2017, 2:34 p.m.
  • Length: 3:04
Show
View Real Time Build Order
Export as new Build Order

Musumeci Zerg - Winner!

Build Orders: Pool First 

Get SALT Encoding   

  12  0:02  Drone  
  13  0:08  Drone  
  14  0:15  Extractor  
  14  0:16  Drone  
  15  0:36  Spawning Pool  
  15  0:40  Overlord  
  14  1:01  Extractor  
  14  1:16  Hatchery  
  13  1:23  Zergling x6  
  16  1:35  Zergling x2  
  17  1:55  Hatchery  
  17  1:59  Zergling x2  
  17  2:07  Zergling x4  
  18  2:27  Zergling x2  
  18  2:28  Queen  
  18  2:29  Zergling x2  
  19  2:38  Zergling x2  
Show
View Real Time Build Order
Export as new Build Order

Sledgar Terran 

Build Orders: Reaper Expand 

Get SALT Encoding   

  12  0:01  SCV  
  13  0:13  SCV  
  14  0:21  Supply Depot  
  14  0:25  SCV  
  15  0:36  Refinery  
  15  0:43  Barracks  
  15  0:45  SCV  
  16  0:57  SCV  
  17  1:10  SCV  
  18  1:25  SCV  
  19  1:32  Reaper  
  20  1:43  Orbital Command  
  19  1:54  Command Center  
  19  2:08  Bunker, Barracks Reactor  
  19  2:09  SCV  
  19  2:20  Reaper  
Tags
 
Add a new tag
Caveats
  • Supply blocks, unpowered buildings, or Contaminate may cause inaccurate times.
  • Supply counts are checked every 10 seconds.